 Dungeon Crawl Stone Soup version 0.27-a0-931-g5a74e75d8f (webtiles) character file.

Game seed: 17168078557144287886

6430 mhtbhm the Geomancer (level 10, 0/56 HPs)
             Began as a Gargoyle Earth Elementalist on Apr 10, 2021.
             Was a Believer of Vehumet.
             Slain by a death yak (16 damage)
             ... on level 8 of the Dungeon.
             The game lasted 00:17:37 (10348 turns).

mhtbhm the Geomancer (Gargoyle Earth Elementalist) Turns: 10348, Time: 00:17:38

Health: 0/56       AC: 19    Str: 18    XL:     10   Next: 99%
Magic:  6/23       EV: 12    Int: 19    God:    Vehumet [**....]
Gold:   108        SH:  0    Dex: 10    Spells: 9/27 levels left

rFire    . . .     SeeInvis .   a - +2 whip (drain)
rCold    . . .     Faith    .   (no shield)
rNeg     + . .     Spirit   .   b - +1 robe {Archmagi}
rPois    ∞         Reflect  .   g - +0 helmet
rElec    +         Harm     .   p - +0 cloak
rCorr    .         Rampage  .   j - +0 pair of gloves
Will     .....                  B - +0 pair of boots
Stlth    +.........             (no amulet)
HPRegen  0.18/turn              D - +4 ring of protection
MPRegen  0.18/turn              s - +6 ring of strength

@: confused, about to teleport, ambrosia-drunk
A: AC +7, negative energy resistance 1, electricity resistance, torment
resistance 1, unbreathing 1, petrification resistance
a: Renounce Religion


You were on level 8 of the Dungeon.
You worshipped Vehumet.
Vehumet was pleased with you.
You visited 2 branches of the dungeon, and saw 9 of its levels.

You collected 370 gold pieces.
You spent 262 gold pieces at shops.

Inventory:

Hand Weapons
 a - a +2 whip of draining (weapon)
Missiles
 c - 177 stones
 q - 23 poisoned darts
 z - 5 atropa-tipped darts (quivered)
Armour
 b - a +1 robe of the Archmagi (worn)
 g - a +0 helmet (worn)
 j - a +0 pair of gloves (worn)
 p - a +0 cloak (worn)
 B - a +0 pair of boots (worn)
Jewellery
 i - a ring of protection from cold
 l - a +6 ring of dexterity
 s - a +6 ring of strength (right hand)
 D - a +4 ring of protection (left hand)
 G - a ring of willpower
Scrolls
 d - a scroll of vulnerability
 f - 3 scrolls of immolation
 k - 2 scrolls of fog
 r - 2 scrolls of enchant weapon {unknown}
 t - a scroll of brand weapon {unknown}
 u - a scroll of enchant armour {unknown}
 x - a scroll of torment {unknown}
 y - a scroll of magic mapping {unknown}
 F - a scroll of identify
Potions
 e - a potion of ambrosia
 m - a potion of magic {unknown}
 n - a potion of haste {unknown}
 o - 2 potions of heal wounds {unknown}
 v - a potion of attraction {unknown}
 w - 2 potions of berserk rage {unknown}
 A - a potion of mutation {unknown}
 C - a potion of curing {unknown}
 E - 2 potions of cancellation {unknown}


   Skills:
 + Level 3.3 Fighting
 + Level 5.8 Maces & Flails
 + Level 1.5 Throwing
 + Level 4.1 Armour
 + Level 3.7 Dodging
 - Level 2.1 Stealth
 + Level 9.0 Spellcasting
 + Level 1.8 Conjurations
 + Level 0.9 Transmutations
 + Level 11.4 Earth Magic
 + Level 0.7 Evocations


You had 9 spell levels left.
You knew the following spells:

 Your Spells              Type           Power      Damage    Failure   Level
a - Sandblast             Erth           100%       2d20      1%          1
b - Passwall              Tmut/Erth      40%        N/A       1%          2
c - Stone Arrow           Conj/Erth      100%       3d13      1%          3
d - Lee's Rapid Deconstr  Erth           33%        3d18*     1%          5
e - Petrify               Tmut/Erth      48%        N/A       6%          4
f - Mephitic Cloud        Conj/Pois/Air  16%        N/A       19%         3

Your spell library contained the following spells:

 Spells                   Type           Power      Damage    Failure   Level
 Magic Dart               Conj           92%        1d7       4%          1
 Animate Skeleton         Necr           24%        N/A       9%          1
 Apportation              Tloc           24%        N/A       9%          1
 Corona                   Hex            13%        N/A       9%          1
 Summon Small Mammal      Summ           48%        N/A       9%          1
 Blink                    Tloc           N/A        N/A       12%         2
 Call Imp                 Summ           12%        N/A       12%         2
 Slow                     Hex            12%        N/A       12%         2
 Conjure Flame            Conj/Fire      18%        6-21      17%         3
 Call Canine Familiar     Summ           12%        N/A       24%         3
 Confusing Touch          Hex            12%        N/A       24%         3
 Gell's Gravitas          Tloc           6%         N/A       24%         3
 Summon Guardian Golem    Hex/Summ       12%        N/A       24%         3
 Summon Ice Beast         Ice/Summ       12%        N/A       63%         4
 Summon Lightning Spire   Summ/Air       12%        N/A       63%         4
 Yara's Violent Unravell  Hex/Tmut       7%         3d5       88%         5
 Metabolic Englaciation   Hex/Ice        6%         N/A       92%         5


Dungeon Overview and Level Annotations

Branches:
Dungeon (8/15)             Temple (1/1) D:4            Lair (0/6) D:8

Altars:
Dithmenos
Elyvilon
Kikubaaqudgha
Nemelex Xobeh
Okawaru
Qazlal
Sif Muna
Uskayaw
Vehumet
Xom
Yredelemnul
Zin
The Shining One

Shops:
D:2 ?   D:4 [   D:8 :


Innate Abilities, Weirdness & Mutations

Your stone body is resilient. (AC +7)
You are immune to poison.
You resist negative energy. (rN+)
You are resistant to electric shocks. (rElec)
You are resistant to unholy torment.
You can survive without breathing.
You are immune to petrification.


Message History

Unknown command.
Casting: Lee's Rapid Deconstruction (dangerous; 1% risk of failure)
Confirm with . or Enter, or press ? or * to list all spells.
Aiming: Lee's Rapid Deconstruction (dangerous; 1% risk of failure)
Press: ? - help, Dir - move target A rock wall.
You feel a surge of power!
The wall shatters!
The blast of rock fragments hits the death yak!
The death yak is moderately wounded.
The blast of rock fragments hits the death yak.
The death yak is lightly wounded.
The blast of rock fragments hits the death yak!
The death yak is heavily wounded.
Unknown command.
Unknown command.
Casting: Lee's Rapid Deconstruction (dangerous; 1% risk of failure)
Confirm with . or Enter, or press ? or * to list all spells.
Aiming: Lee's Rapid Deconstruction (dangerous; 1% risk of failure)
Press: ? - help, Dir - move target A rock wall.
You feel a surge of power!
The wall shatters!
The blast of rock fragments hits the death yak!
The death yak is lightly wounded.
The blast of rock fragments hits the death yak!!
The death yak is severely wounded.
The death yak snorts and paws the ground.
The death yak gores you!
Unknown command.
Unknown command.
Casting: Lee's Rapid Deconstruction (dangerous; 1% risk of failure)
Confirm with . or Enter, or press ? or * to list all spells.
You don't have enough magic to cast this spell.
Unknown command.
As you read the scroll of teleportation, it crumbles to dust.
You feel strangely unstable. The death yak gores you! The death yak gores you!!
* * * LOW HITPOINT WARNING * * *
Unknown command.
You are confused.
You feel invigorated. The death yak gores you!
You die...

#. #......Y..#..
#.......... ...Y.....
... ..# #.######
#Y##.# #....(.#
#..YY# ♣#.. #.#
####Y# .#.# #.# #Y###
♣♣.#.# #.# #@Y.#
♣..#.# #.# ###.##
♣.♣#.# #.# #..#
#..#.####.## ##.#
.#......÷†.# #.#
#..#..####.########.#
♣.♣#.## #.##.......#
♣..#.# ###.##.......#
♣♣.#.#
#...8#.......####


You could see 5 death yaks.

Vanquished Creatures
  A two-headed ogre (D:6)
  Pikel (D:7)
  A troll (D:8)
  A hornet (D:8)
  Prince Ribbit (D:7)
  Grinder (D:6)
  Sigmund (D:6)
  A wraith (D:8)
  2 steam dragons (D:8)
  2 acid dragons (D:8)
  A water moccasin (D:8)
  Duvessa (D:6)
  A hornet zombie (D:8)
  2 black bears
  2 sky beasts
  8 necrophages
  An ogre (D:5)
  4 centaurs
  2 lemures (D:7)
  3 bullfrogs
  2 scorpions
  2 wyvern zombies
  Dowan (D:6)
  6 killer bees (D:7)
  10 wights
  3 howler monkeys (D:7)
  A centaur zombie (D:8)
  2 jellies
  An orc priest (D:6)
  A centaur skeleton (D:4)
  A hound (D:5)
  6 iguanas
  Terence (D:3)
  5 orc wizards
  3 killer bee zombies (D:8)
  A howler monkey skeleton (D:4)
  3 adders
  8 gnolls
  3 white imps
  A worm (D:3)
  3 dart slugs
  14 orcs
  8 endoplasms
  2 giant cockroaches
  5 goblins
  6 hobgoblins
  A quokka (D:1)
  3 ball pythons
  6 bats
  4 frilled lizards
  9 kobolds
  3 rats
162 creatures vanquished.

Vanquished Creatures (collateral kills)
  A centaur (D:5)
1 creature vanquished.

Vanquished Creatures (others)
  A fungus (D:1)
  8 plants
  4 withered plants
13 creatures vanquished.

Grand Total: 176 creatures vanquished

Notes
Turn   | Place    | Note
-------+----------+-------------------------------------------
     0 | D:1      | mhtbhm the Gargoyle Earth Elementalist began the quest for
                  | the Orb.
     0 | D:1      | Reached XP level 1. HP: 10/10 MP: 3/3
   238 | D:1      | Reached XP level 2. HP: 9/15 MP: 0/5
   356 | D:1      | Learned a level 2 spell: Passwall
   803 | D:1      | Reached skill level 4 in Earth Magic
   944 | D:1      | Found a faded altar of an unknown god.
  1476 | D:2      | Reached XP level 3. HP: 17/19 MP: 7/7
  1608 | D:2      | Reached XP level 4. HP: 24/24 MP: 0/8
  2170 | D:2      | Found Soaces's Magic Scroll Shoppe.
  2179 | D:2      | Bought a scroll of identify for 22 gold pieces
  2433 | D:3      | Reached skill level 1 in Fighting
  2602 | D:3      | Reached skill level 1 in Maces & Flails
  2887 | D:3      | Noticed Terence
  2896 | D:3      | Killed Terence
  2897 | D:3      | Reached XP level 5. HP: 27/29 MP: 7/10
  2989 | D:3      | Found a stormy altar of Qazlal.
  3342 | D:4      | Learned a level 3 spell: Stone Arrow
  3348 | D:4      | Learned a level 5 spell: Lee's Rapid Deconstruction
  3702 | D:4      | Reached XP level 6. HP: 28/34 MP: 12/12
  3771 | D:4      | Found a staircase to the Ecumenical Temple.
  3778 | Temple   | Entered the Ecumenical Temple
  3858 | Temple   | Became a worshipper of Vehumet
  4004 | D:4      | Noticed a necrophage
  4013 | D:4      | Killed a necrophage
  4014 | D:4      | Reached skill level 5 in Earth Magic
  4053 | D:4      | Found Mocauso's Armour Shoppe.
  4487 | D:5      | Entered Level 5 of the Dungeon
  4502 | D:5      | Reached XP level 7. HP: 21/38 MP: 10/13
  4532 | D:5      | Reached skill level 1 in Armour
  5289 | D:5      | Reached skill level 6 in Earth Magic
  5351 | D:5      | Found a shimmering blue altar of Sif Muna.
  5354 | D:5      | Found a sparkling altar of Nemelex Xobeh.
  5361 | D:5      | Found a white marble altar of Elyvilon.
  5401 | D:5      | Learned a level 4 spell: Petrify
  5504 | D:6      | Reached XP level 8. HP: 44/44 MP: 15/15
  5610 | D:6      | Noticed a two-headed ogre
  5638 | D:6      | Killed a two-headed ogre
  5639 | D:6      | Reached skill level 5 in Spellcasting
  5639 | D:6      | Reached skill level 7 in Earth Magic
  5913 | D:6      | Reached * piety under Vehumet
  5913 | D:6      | Offered knowledge of Foxfire by Vehumet.
  6095 | D:6      | Noticed Grinder
  6096 | D:6      | Reached XP level 9. HP: 49/49 MP: 15/17
  6121 | D:6      | Reached skill level 5 in Maces & Flails
  6419 | D:6      | Killed Grinder
  6784 | D:6      | Noticed Duvessa
  6784 | D:6      | Noticed Dowan
  6796 | D:6      | Killed Duvessa
  6797 | D:6      | Reached skill level 8 in Earth Magic
  6801 | D:6      | Killed Dowan
  7131 | D:6      | Noticed Sigmund
  7136 | D:6      | Killed Sigmund
  7449 | D:6      | Reached skill level 1 in Throwing
  7962 | D:7      | Noticed Pikel
  7962 | D:7      | Noticed Prince Ribbit
  8038 | D:7      | Reached skill level 1 in Conjurations
  8045 | D:7      | Reached skill level 9 in Earth Magic
  8437 | D:7      | Reached XP level 10. HP: 39/55 MP: 21/21
  8471 | D:7      | Killed Prince Ribbit
  8535 | D:7      | Killed Pikel
  8536 | D:7      | Reached skill level 10 in Earth Magic
  9450 | D:8      | Reached ** piety under Vehumet
  9450 | D:8      | Offered knowledge of Magic Dart by Vehumet.
  9885 | D:8      | Reached skill level 11 in Earth Magic
 10027 | D:8      | Found Daxau's Book Emporium.
 10049 | D:8      | Bought a book of Minor Magic for 240 gold pieces
 10053 | D:8      | Learned a level 3 spell: Mephitic Cloud
 10332 | D:8      | Found a staircase to the Lair.
 10335 | D:8      | Noticed a death yak
 10336 | D:8      | Noticed a death yak
 10337 | D:8      | Noticed a death yak
 10337 | D:8      | Noticed a death yak
 10337 | D:8      | Noticed a death yak
 10342 | D:8      | Noticed a death yak
 10348 | D:8      | Slain by a death yak

Illustrated notes

Levels and vault maps discovered:
D:1:      psy_arrival_whirlpool, layout_loops_ring,
          shapermc_ecumenical_altar_gd, chequers_serial_rivers_micro_d
D:2:      layout_basic, serial_shops, shop, hangedman_decor_peaks_small,
          serial_bayou_pond_a, nrook_campfire
D:3:      layout_loops_ring, lemuel_coloured_pillars_altar, st_stairs_2,
          uniq_terence
D:4:      layout_loops_ring, minmay_temple_entry_fiery, serial_shops, shop,
          serial_glass, glass_columns_b, glass_columns_a
D:5:      layout_rooms, grunt_temple_overflow_diamond
D:6:      layout_cave_pods, serial_co_window_serial, co_window_paths_a,
          co_window_corner_a, co_window_cross_1, co_window_paths_a,
          co_window_paths_b, co_window_broadway_a, co_window_broadway_b,
          co_window_unsneaky_path_c, co_window_4corner_b, uniq_sigmund,
          uniq_grinder, uniq_duvessa
D:7:      layout_basic, uniq_prince_ribbit1, uniq_pikel
D:8:      nzn_winding_woodlands_cross
          [nzn_winding_woodlands_5x15_pathside_ponds,
          nzn_winding_woodlands_5x15_jagged, nzn_winding_woodlands_5x15_garden,
          nzn_winding_woodlands_5x15_twine,
          nzn_winding_woodlands_15x15_boxy_spiral], layout_rooms,
          dpeg_lair_monsters, serial_undead, serial_undead_a, serial_undead_a,
          serial_undead_e, serial_undead_c, serial_undead_e, serial_undead_a,
          serial_undead_e, serial_undead_e, serial_undead_d, serial_undead_b,
          serial_shops, shop, minmay_strange_pillars, minivault_1
Temple:   dpeg_five_rooms_temple

Skill      XL: |  1  2  3  4  5  6  7  8  9 10 |
---------------+-------------------------------+-----
Earth Magic    | 4 5 6 7 9 11 | 11.4
Spellcasting   | 3 4 5 7 9 |  9.0
Fighting       | 1 2 3 |  3.3
Maces & Flails | 1 2 3 4 5 |  5.8
Dodging        | 2 3 |  3.7
Armour         | 2 3 4 |  4.1
Throwing       | 1 |  1.5
Conjurations   | 1 |  1.8
Stealth        | |  2.1
Transmutations | |  0.9
Evocations     | |  0.7

Action                   |  1- 3 |  4- 6 |  7- 9 | 10-12 || total
-------------------------+-------+-------+-------+-------++-------
Melee: Unarmed           |    50 |       |       |       ||    50
       Whip              |    21 |   112 |   128 |   109 ||   370
Throw: Dart              |       |     4 |     7 |     3 ||    14
 Cast: Sandblast         |    26 |    22 |    32 |     7 ||    87
       Lee's Rapid Decon |       |       |    18 |    36 ||    54
       Stone Arrow       |       |       |     5 |     2 ||     7
       Passwall          |       |       |     4 |       ||     4
       Petrify           |       |       |       |     3 ||     3
Evoke: Wand              |       |       |     7 |     2 ||     9
  Use: Scroll            |     1 |     3 |     3 |     2 ||     9
       Potion            |       |       |     2 |     1 ||     3
 Stab: Sleeping          |     2 |    11 |     1 |       ||    14
Armor: Robe              |    42 |    30 |       |    59 ||   131
       Leather armour    |       |     9 |    64 |       ||    73
Dodge: Dodged            |    62 |    57 |    84 |    70 ||   273

Table legend: (Time is in decaauts)
 A = Elapsed time spent in this place.
 B = Non-inter-level travel time spent in this place.
 C = Inter-level travel time spent in this place.
 D = Time resting spent in this place.
 E = Time spent auto-exploring this place.
 F = Levels seen in this place.
 G = Mean time per level.
                   A        B        C        D        E       F      G
               +--------+--------+--------+--------+--------+-----+--------+
         Total |  10318 |  10184 |    134 |   2702 |   5555 |   9 | 1146.4 |
       Dungeon |  10161 |  10099 |     62 |   2702 |   5479 |   8 | 1270.1 |
        Temple |    156 |     84 |     72 |      0 |     76 |   1 |  156.0 |
               +--------+--------+--------+--------+--------+-----+--------+

Top non-repeatable levels by time:
     D:6: 2327 daAuts
     D:1: 1466 daAuts
     D:4: 1458 daAuts
     D:8: 1429 daAuts
     D:7: 1056 daAuts
     D:3: 883 daAuts
     D:2: 811 daAuts
     D:5: 728 daAuts
  Temple: 156 daAuts
